 Dungeon Crawl Stone Soup version 0.23-a0-182-g58cdd98 (webtiles) character file.

560 iamserjio the Ruffian (level 7, 11/55 HPs)
             Began as a Grey Draconian Wanderer on Sept 20, 2018.
             Quit the game on level 5 of the Dungeon.
             The game lasted 00:10:05 (5839 turns).

iamserjio the Ruffian (Grey Draconian Wanderer)     Turns: 5839, Time: 00:10:05

Health: 11/55      AC: 11    Str: 16    XL:     7   Next: 9%
Magic:  10/10      EV: 11    Int: 12    God:
Gold:   165        SH:  0    Dex: 11    Spells: 5/10 levels left

rFire    . . .     SeeInvis .     - Unarmed
rCold    . . .     Gourm    .   (no shield)
rNeg     . . .     Faith    .   (armour unavailable)
rPois    .         Spirit   .   (helmet restricted)
rElec    .         Reflect  .   (no cloak)
rCorr    .         Harm     .   (no gloves)
MR       .....                  (no boots)
Stlth    +.........             (no amulet)
HPRegen  0.18/turn              (no ring)
MPRegen  0.12/turn              (no ring)

@: no status effects
A: walk through water, unfitting armour, unbreathing, cold-blooded, AC +11
a: no special abilities


You were on level 5 of the Dungeon.
You were not hungry.

You visited 1 branch of the dungeon, and saw 5 of its levels.

You collected 165 gold pieces.

Inventory:

Hand Weapons
 b - a +0 mace
 h - a +0 hunting sling
Missiles
 g - 22 sling bullets
 j - 21 stones (quivered)
 m - 21 arrows
Jewellery
 i - a cursed +4 ring of intelligence {unknown}
Scrolls
 d - 3 scrolls of enchant weapon
 e - 2 scrolls of remove curse {unknown}
 f - a scroll of noise
 l - a scroll of fear
 n - a scroll of blinking {unknown}
 q - a scroll of amnesia {unknown}
Potions
 a - 3 potions of brilliance
 k - a potion of might
Comestibles
 c - 3 rations
 p - 8 chunks of flesh


   Skills:
 - Level 2.0 Fighting
 - Level 2.0 Maces & Flails
 - Level 1.0 Throwing
 - Level 1.0 Stealth
 * Level 7.3 Unarmed Combat
 - Level 2.0 Spellcasting
   Level 2.0 Ice Magic
 - Level 1.0 Poison Magic


You had 5 spell levels left.
You knew the following spells:

 Your Spells              Type           Power        Failure   Level  Hunger
a - Mephitic Cloud        Conj/Pois/Air  #.......     56%         3    ####...
b - Blink                 Tloc           N/A          38%         2    ###....

Your spell library contained the following spells:

 Spells                   Type           Power        Failure   Level  Hunger
 Magic Dart               Conj           #...         26%         1    ##.....
 Call Imp                 Summ           #.......     38%         2    ###....
 Slow                     Hex            #.......     38%         2    ###....
 Conjure Flame            Conj/Fire      #.......     63%         3    ####...


Dungeon Overview and Level Annotations

Branches:
Dungeon (5/15)
 Temple: D:4-7

Altars:


Innate Abilities, Weirdness & Mutations

You can walk through water.
Your dull iron-grey scales are very hard. (AC +11)
You cannot fit into any form of body armour.
You can survive without breathing.
You are cold-blooded and may be slowed by cold attacks.


Message History

The phantom blinks!
Things that are here:
a spear; a gnoll corpse You start resting.
The phantom is too close now for your liking.
The phantom blinks!
You closely miss the phantom. Your punch misses the phantom.
The phantom hits you.
* * * LOW HITPOINT WARNING * * *
You hit the phantom but do no damage. The phantom completely misses you.
You punch the phantom!
You destroy the phantom!
Your Unarmed Combat skill increases to level 7!
You have reached level 7!
Your scales start taking on a dull iron-grey colour.
You learn Air Magic much slower.
You learn Earth Magic much quicker.
You can walk through water.
You feel breathless.
Quiver which item? (- for none, * to show all) (? for menu, Esc to quit)
Okay, then.

## ####.#
#.)..#
###)##.#
#....#.#####
#)##@......#
#<##.#.....#
####....#..#
.....#..#
...#.# .#
##...<. #.##
## #.#


There were no monsters in sight!

Vanquished Creatures
  Purgy (D:3)
  A phantom (D:5)
  Jessica (D:2)
  Natasha (thrice) (D:2)
  Terence (D:2)
  Robin (D:4)
  7 gnolls
  7 adders
  An ooze (D:3)
  4 worms
  4 dart slugs
  3 leopard geckos
  An orc (D:3)
  9 bats
  5 giant cockroaches
  14 goblins
  14 hobgoblins
  8 kobolds
  A quokka (D:3)
  3 frilled lizards
  8 rats
97 creatures vanquished.

Notes
Turn   | Place    | Note
-------+----------+-------------------------------------------
     0 | D:1      | iamserjio the Draconian Wanderer began the quest for the
                  | Orb.
     0 | D:1      | iamserjio set off with: a +0 mace, a ration
     0 | D:1      | Reached XP level 1. HP: 16/16 MP: 3/3
   218 | D:1      | Reached skill level 1 in Unarmed Combat
   256 | D:1      | Reached XP level 2. HP: 16/23 MP: 5/5
   790 | D:1      | Reached skill level 2 in Unarmed Combat
   907 | D:1      | Reached XP level 3. HP: 11/29 MP: 6/6
  1211 | D:2      | Noticed Jessica
  1234 | D:2      | Killed Jessica
  1234 | D:2      | Reached skill level 3 in Unarmed Combat
  1704 | D:2      | Reached XP level 4. HP: 35/36 MP: 7/7
  1733 | D:2      | Noticed Natasha
  1752 | D:2      | Killed Natasha
  2185 | D:2      | Noticed Terence
  2195 | D:2      | Reached skill level 4 in Unarmed Combat
  2655 | D:3      | Learned a level 3 spell: Mephitic Cloud
  2658 | D:3      | Learned a level 2 spell: Blink
  3100 | D:3      | Found a faded altar of an unknown god.
  3112 | D:3      | Reached XP level 5. HP: 40/41 MP: 8/8
  3688 | D:2      | Noticed Natasha
  3698 | D:2      | Killed Natasha
  3698 | D:2      | Reached skill level 5 in Unarmed Combat
  4199 | D:2      | Killed Terence
  4584 | D:2      | Noticed Natasha
  4593 | D:2      | Killed Natasha
  4593 | D:2      | Reached XP level 6. HP: 41/48 MP: 9/9
  4933 | D:3      | Noticed Purgy
  4954 | D:3      | Killed Purgy
  4954 | D:3      | Reached skill level 6 in Unarmed Combat
  5735 | D:4      | Noticed Robin
  5756 | D:4      | Killed Robin
  5756 | D:4      | Noticed a steam dragon
  5784 | D:5      | Entered Level 5 of the Dungeon
  5838 | D:5      | Reached skill level 7 in Unarmed Combat
  5838 | D:5      | Your scales start taking on a dull iron-grey colour.
  5838 | D:5      | Reached XP level 7. HP: 11/55 MP: 10/10
  5838 | D:5      | Gained mutation: You can survive without breathing. [Grey
                  | Draconian growth]
  5839 | D:5      | Quit the game

Vault maps used:
D:1:      dpeg_arrival_snail
D:2:      uniq_natasha, uniq_jessica, uniq_terence
D:3:      chequers_ecumenical_altar_island, uniq_purgy
D:4:      uniq_robin
D:5:      kennysheep_spiral_hall, first_ration

Skill      XL: |  1  2  3  4  5  6 |
---------------+-------------------+-----
Unarmed Combat | 1 2 3 4 5 7 |  7.3
Fighting       | 2 |  2.0
Maces & Flails | |  2.0
Throwing       | |  1.0
Stealth        | |  1.0
Spellcasting   | |  2.0
Ice Magic      | |  2.0
Poison Magic   | |  1.0

Action                   |  1- 3 |  4- 6 |  7- 9 || total
-------------------------+-------+-------+-------++-------
Melee: Mace              |   114 |   138 |       ||   252
       Tailslap          |    13 |    37 |       ||    50
       Punch             |       |     7 |       ||     7
       Unarmed           |       |   174 |       ||   174
  Use: Potion            |       |     3 |       ||     3
       Scroll            |       |     7 |       ||     7
 Stab: Sleeping          |       |     5 |       ||     5
       Distracted        |       |     1 |       ||     1
  Eat: Chunk             |     3 |    13 |       ||    16
Armor: Skin              |    47 |   112 |       ||   159
Dodge: Dodged            |    91 |   175 |       ||   266

Table legend:
 A = Non-vault XP
 B = Vault XP
 C = Vault XP percentage of total XP
 D = Non-vault monster count
 E = Vault monster count
 F = Vault count percentage of total count
                 A         B        C        D         E       F
            +---------+---------+-------+---------+---------+-------
      Total |     529 |     272 |  34.0 |      83 |      14 |  14.4
            +---------+---------+-------+---------+---------+-------
        D:1 |      42 |       0 |   0.0 |      20 |       0 |   0.0
        D:2 |     197 |     104 |  34.6 |      31 |       3 |   8.8
        D:3 |      91 |     136 |  59.9 |      25 |       1 |   3.8
        D:4 |      18 |      32 |  64.0 |       2 |      10 |  83.3
        D:5 |     181 |       0 |   0.0 |       5 |       0 |   0.0
            +---------+---------+-------+---------+---------+-------
